 Dungeon Crawl Stone Soup version 0.17-a0-1115-g0372368 (webtiles) character file.

744 Lokkij the Quickloader (level 7, -3/40 HPs)
             Began as a Tengu Hunter on May 22, 2015.
             Was a Believer of Dithmenos.
             Killed by nerve-wracking pain
             ... invoked by Menkaure
              (12 damage)
             ... on level 5 of the Dungeon.
             The game lasted 00:14:38 (4970 turns).

Lokkij the Quickloader (Tengu Hunter)               Turns: 4970, Time: 00:14:38

Health: -3/40      AC: 11    Str: 12    XL:     7   Next: 76%
Magic:  8/8        EV: 15    Int: 12    God:    Dithmenos [**....]
Gold:   235        SH:  0    Dex: 16    Spells: 0 memorised, 6 levels left

rFire  . . .     SeeInvis .     a - +2 short sword (drain)
rCold  . . .     Clarity  .     d - +0 leather armour
rNeg   . . .     SustAt   .     (no shield)
rPois  .         Gourm    .     (helmet restricted)
rElec  .         Spirit   .     i - +1 cloak
rCorr  .         Warding  .     (no gloves)
rMut   .         Stasis   .     (boots unavailable)
MR     .....                    (no amulet)
Stlth  ++........               (no ring)
                                f - +6 ring of protection

@: wreathed by umbra, not resistant to hostile enchantments, unstealthy
A: beak, talons 3, able to fly 1
a: Fly, Shadow Step, Renounce Religion


You were on level 5 of the Dungeon.
You worshipped Dithmenos.
Dithmenos was pleased with you.
You were not hungry.

You visited 1 branch of the dungeon, and saw 5 of its levels.

You collected 235 gold pieces.

Inventory:

Hand weapons
 a - a +2 short sword of draining (weapon)
 b - a +1 hand crossbow
 x - a +0 hand axe
Missiles
 c - 7 bolts
Armour
 d - a +0 leather armour (worn)
 i - a +1 cloak (worn)
Jewellery
 f - a +6 ring of protection (left hand)
 r - an uncursed ring of ice
 s - a cursed amulet of inaccuracy {unknown}
Magical devices
 l - a wand of slowing (19)
 o - a wand of fire (11)
Scrolls
 j - a scroll of magic mapping {unknown}
 m - 2 scrolls of identify
 p - 3 scrolls of remove curse
 t - a scroll of enchant armour
Potions
 h - a potion of might
 k - a potion of resistance
Books
 w - a book of Beasts

   Spells                             Type                      Level
   a - Summon Butterflies             Summoning                    1
   b - Call Canine Familiar           Summoning                    3
   c - Summon Ice Beast               Ice/Summoning                4
   d - Summon Mana Viper              Hexes/Summoning              5
   e - Summon Hydra                   Summoning                    7
Comestibles
 e - 3 bread rations
 g - 5 fruits
 n - 2 chunks of flesh
 q - a royal jelly


   Skills:
 - Level 2.0 Fighting
 * Level 8.7 Crossbows
 + Level 5.5 Dodging
 - Level 1.0 Stealth


You had 6 spell levels left.
You didn't know any spells.

Dungeon Overview and Level Annotations

Branches:
Dungeon (5/15)
 Temple: D:4-7

Altars:
Dithmenos
Elyvilon
Nemelex Xobeh
Okawaru
Ru

Annotations:
D:4 Dowan; Duvessa; Sigmund; asdu's ghost, average GrEE
D:5 Menkaure


Innate Abilities, Weirdness & Mutations

You have a beak for a mouth.
You have claws for feet.
You can fly.


Message History

Menkaure is heavily damaged.
Menkaure calls on the powers of darkness!
Your body is wracked with pain!
You hit Menkaure. Your kick misses Menkaure.
Menkaure is severely damaged.
Menkaure points at you and mumbles some strange words.
Pain shoots through your body!
* * * LOW HITPOINT WARNING * * *
You hit Menkaure but do no damage.
Menkaure is severely damaged.
Menkaure closely misses you.
You barely miss Menkaure. You peck Menkaure.
Menkaure is severely damaged.
Menkaure strides towards you, then pauses, indecisive.
Menkaure misses you.
You hit Menkaure. You claw Menkaure, but do no damage.
Menkaure is almost destroyed.
Menkaure casts a spell at you. Pain shoots through your body!
You die...

... .. .... .. ##... .#
#.... # .. ...# ## ...
#..## .. #.....
#<.###.# ##......#
#..@M.#
.....##..#####.##..#
.......#..#....##.#.##
........#....#...###.#
.........#..###.###. #
...........## #..#.#
............###..#.#
............#......# ##
...................##.#


You could see Menkaure.

Vanquished Creatures
  A sky beast (D:5)
  A centaur (D:5)
  A scorpion (D:4)
  3 hounds (D:5)
  An orc priest (D:5)
  3 orc wizards (D:5)
  A worker ant (D:3)
  2 worker ant zombies (D:5)
  Robin (D:4)
  10 adders
  3 gnolls (D:3)
  A shadow imp (D:5)
  A worm (D:3)
  13 orcs
  4 giant cockroaches
  19 goblins
  13 hobgoblins
  2 quokkas
  4 ball pythons
  9 bats
  5 giant geckos
  5 giant newts
  A jackal skeleton (D:5)
  5 kobolds
  7 rats
116 creatures vanquished.

Notes
Turn   | Place    | Note
--------------------------------------------------------------
     0 | D:1      | Lokkij the Tengu Hunter began the quest for the Orb.
     0 | D:1      | Reached XP level 1. HP: 12/12 MP: 2/2
   282 | D:1      | Reached XP level 2. HP: 17/17 MP: 3/3
   776 | D:2      | Reached skill level 5 in Crossbows
   776 | D:2      | Reached XP level 3. HP: 21/21 MP: 4/4
   973 | D:2      | Found a sparkling altar of Nemelex Xobeh.
   980 | D:2      | Found a white marble altar of Elyvilon.
   985 | D:2      | Found a sacrificial altar of Ru.
   988 | D:2      | Found a shadowy altar of Dithmenos.
   992 | D:2      | Became a worshipper of Dithmenos the Shadowed
  1139 | D:2      | Reached XP level 4. HP: 26/26 MP: 5/5
  1219 | D:2      | Found an iron altar of Okawaru.
  1791 | D:3      | Reached skill level 6 in Crossbows
  1791 | D:3      | Gained mutation: You can fly. [Tengu growth]
  1791 | D:3      | Reached XP level 5. HP: 30/30 MP: 6/6
  2698 | D:4      | Noticed Robin
  2736 | D:4      | Reached XP level 6. HP: 31/35 MP: 7/7
  2743 | D:4      | Killed Robin
  2948 | D:4      | Noticed Sigmund
  3309 | D:4      | Noticed a phantom
  3310 | D:4      | Noticed asdu's ghost (average GrEE)
  3443 | D:4      | Noticed Duvessa
  3443 | D:4      | Noticed Dowan
  3464 | D:4      | Reached skill level 7 in Crossbows
  3481 | D:5      | Entered Level 5 of the Dungeon
  3973 | D:5      | Reached XP level 7. HP: 40/40 MP: 8/8
  4092 | D:5      | Acquired Dithmenos's first power
  4128 | D:5      | Reached skill level 5 in Dodging
  4154 | D:5      | Reached skill level 8 in Crossbows
  4743 | D:5      | Noticed Menkaure
  4970 | D:5      | Killed from afar by Menkaure

Vault maps used:
D:1:      eino_arrival_cavern_e, hangedman_abyss_or_decor_lesser_grid
D:2:      okawaru_gym_becter, grunt_temple_overflow_cloverleaf
D:4:      first_bread, uniq_sigmund, uniq_robin, uniq_eustachio, uniq_duvessa
D:5:      gup_sewer_entry_bubbles, uniq_menkaure

Action                   |  1- 3 |  4- 6 |  7- 9 || total
-------------------------+-------+-------+-------++-------
Melee: Short sword       |    47 |    39 |   115 ||   201
       Hand axe          |    19 |   110 |       ||   129
 Fire: Hand crossbow     |     8 |    55 |    14 ||    77
 Abil: Fly               |       |       |     1 ||     1
  Use: Scroll            |     1 |     6 |       ||     7
       Potion            |       |     7 |     2 ||     9
 Stab: Sleeping          |     4 |       |       ||     4
  Eat: Chunk             |       |     9 |     5 ||    14
